 Dungeon Crawl Stone Soup version 0.19-a0-1899-g2d93087 (webtiles) character file.

63 dobroeutro the Shooter (level 3, 0/31 HPs)
             Began as a Centaur Hunter on Oct 20, 2016.
             Slain by an adder (1 damage)
             ... on level 3 of the Dungeon.
             The game lasted 00:02:28 (1784 turns).

dobroeutro the Shooter (Centaur Hunter)             Turns: 1784, Time: 00:02:29

Health: 0/31       AC:  4    Str: 14    XL:     3   Next: 87%
Magic:  3/3        EV:  9    Int: 14    God:
Gold:   66         SH:  0    Dex: 10    Spells: 0 memorised, 2 levels left

rFire  . . .     SeeInvis .     t - -1 dagger (curse)
rCold  . . .     Gourm    .     c - +0 leather armour
rNeg   . . .     Faith    .     (no shield)
rPois  .         Spirit   .     (no helmet)
rElec  .         Reflect  .     (no cloak)
rCorr  .         Harm     .     (no gloves)
MR     .....                    (no barding)
Stlth  +.........               (no amulet)
                                (no ring)
                                o - +4 ring of intelligence

@: lethally poisoned (0 -> -18), very slightly contaminated, very quick
A: hooves 3, deformed body, speed 2, tough skin 3
a: no special abilities


You were on level 3 of the Dungeon.
You were near starving.

You visited 1 branch of the dungeon, and saw 3 of its levels.

You collected 66 gold pieces.

Inventory:

Hand Weapons
 a - a +1 shortbow
 b - a +0 short sword
 t - a cursed -1 dagger (weapon)
Missiles
 d - 65 arrows
Armour
 c - a +0 leather armour (worn)
Jewellery
 o - a +4 ring of intelligence (left hand)
Potions
 g - a potion of flight
 m - a potion of agility {unknown}
 n - 2 potions of mutation {unknown}
 p - a potion of curing {unknown}
 r - a potion of magic {unknown}
 s - a potion of heal wounds {unknown}
Comestibles
 f - 3 bread rations
 h - 3 meat rations
 q - a royal jelly


   Skills:
 + Level 3.1 Fighting
 + Level 6.5 Bows
 - Level 1.3 Dodging
 - Level 0.4 Stealth


You had 2 spell levels left.
You didn't know any spells.

Dungeon Overview and Level Annotations

Branches:
Dungeon (3/15)

Altars:
Ashenzari
Gozag


Innate Abilities, Weirdness & Mutations

You have hooves in place of feet.
Armour fits poorly on your strangely shaped body.
You cover ground very quickly.
You have extremely tough skin. (AC +3)


Message History

* * * LOW HITPOINT WARNING * * *
You feel sick. The adder closely misses you.
You hit the adder but do no damage. Your kick misses the adder.
The adder is almost dead.
* * * LOW HITPOINT WARNING * * *
You feel sick. The adder bites you.
* * * LOW HITPOINT WARNING * * *
You closely miss the adder.
The adder is almost dead.
* * * LOW HITPOINT WARNING * * *
You feel sick. The adder bites you.
* * * LOW HITPOINT WARNING * * *
You are more poisoned.
The adder poisons you!
A rat comes into view.
You barely miss the adder. Your kick misses the adder.
The adder is almost dead.
* * * LOW HITPOINT WARNING * * *
You feel sick. The adder bites you but does no damage. The adder bites you.
You die...

#.).....#.##.#####
#................#
#...)...#..#####.#
#.......#..#####.#
#.......#.....##.#
#.###.####.##.##.#
# #. #.......#
#.###.#######†####
#.....@.......#
#.#.#S#########
..# .r#. #. # #


You could see an adder and a rat.

Vanquished Creatures
  2 adders (D:2)
  3 leopard geckos (D:2)
  An orc (D:3)
  A ball python (D:1)
  3 giant cockroaches (D:2)
  6 goblins
  4 hobgoblins
  2 jackals (D:1)
  A quokka (D:2)
  3 bats
  5 frilled lizards
  5 kobolds
  2 rats
38 creatures vanquished.

Notes
Turn   | Place    | Note
-------+----------+-------------------------------------------
     0 | D:1      | dobroeutro the Centaur Hunter began the quest for the Orb.
     0 | D:1      | Reached XP level 1. HP: 17/17 MP: 1/1
   211 | D:1      | Reached XP level 2. HP: 17/25 MP: 2/2
   668 | D:2      | Reached skill level 6 in Bows
   677 | D:2      | Reached XP level 3. HP: 12/30 MP: 3/3
  1102 | D:2      | Found a shattered altar of Ashenzari.
  1232 | D:2      | Found an opulent altar of Gozag.
  1784 | D:3      | HP: 1/31 [poisoned by an adder]
  1784 | D:3      | Slain by an adder

Vault maps used:
D:1:      lightli_arrival_chessboard
D:2:      overflow_temple_1_default, nicolae_overflow_crystal_walls
D:3:      lemuel_crystal_altar, first_bread

Skill      XL: |  1  2  3 |
---------------+----------+-----
Bows           | 6 |  6.5
Fighting       | 3 |  3.1
Dodging        | |  1.3
Stealth        | |  0.4

Action                   || total
-------------------------++-------
Melee: Short sword       ||   126
       Kick              ||    19
       Dagger            ||    13
 Fire: Shortbow          ||    16
  Use: Scroll            ||     5
Armor: Leather armour    ||    53
Dodge: Dodged            ||    61
